 Dungeon Crawl Stone Soup version 0.20-a0-984-ge8aa303 (webtiles) character file.

56 dvd the Shooter (level 3, 0/29 HPs)
             Began as a Centaur Hunter on Apr 10, 2017.
             Slain by Natasha (7 damage)
             ... on level 2 of the Dungeon.
             The game lasted 00:03:43 (1953 turns).

dvd the Shooter (Centaur Hunter)                    Turns: 1953, Time: 00:03:44

Health: 0/29       AC:  5    Str: 15    XL:     3   Next: 71%
Magic:  3/3        EV:  9    Int: 10    God:
Gold:   57         SH:  0    Dex:  9    Spells: 2/2 levels left

rFire    . . .     SeeInvis .   b - +0 mace
rCold    . . .     Gourm    .   (no shield)
rNeg     + . .     Faith    .   c - +0 leather armour
rPois    .         Spirit   .   m - +0 helmet
rElec    .         Reflect  .   (no cloak)
rCorr    .         Harm     .   (no gloves)
MR       .....                  (no barding)
Stlth    +.........             (no amulet)
Regen    0.1/turn               e - ring of positive energy
MPRegen  0.1/turn               (no ring)

@: very quick
A: hooves 3, deformed body, speed 2, tough skin 3
a: no special abilities


You were on level 2 of the Dungeon.
You were not hungry.

You visited 1 branch of the dungeon, and saw 2 of its levels.

You collected 57 gold pieces.

Inventory:

Hand Weapons
 a - a +1 shortbow
 b - a +0 mace (weapon)
 l - a +0 short sword
 o - a +0 hand axe
Missiles
 d - 26 arrows
Armour
 c - a +0 leather armour (worn)
 m - a +0 helmet (worn)
Jewellery
 e - a ring of positive energy (left hand)
Scrolls
 h - a scroll of fear {unknown}
 k - a scroll of immolation {unknown}
 p - a scroll of identify {unknown}
 q - a scroll of magic mapping {unknown}
 r - a scroll of remove curse {unknown}
 s - a scroll of enchant weapon {unknown}
 t - a scroll of random uselessness {unknown}
 v - a scroll of amnesia {unknown}
Potions
 g - a potion of might {unknown}
 i - a potion of haste {unknown}
 j - 3 potions of curing {unknown}
 n - 2 potions of agility {unknown}
 u - a potion of lignification {unknown}
Comestibles
 f - 4 bread rations


   Skills:
 + Level 2.2 Fighting
 + Level 0.8 Maces & Flails
 + Level 6.5 Bows
 + Level 0.4 Armour
 + Level 1.5 Dodging
 + Level 0.4 Stealth


You had 2 spell levels left.
You didn't know any spells.

Dungeon Overview and Level Annotations

Branches:
Dungeon (2/15)

Altars:
Gozag
Makhleb
Nemelex Xobeh

Annotations:
D:2 Natasha


Innate Abilities, Weirdness & Mutations

You have hooves in place of feet.
Armour fits poorly on your strangely shaped body.
You cover ground very quickly.
You have extremely tough skin. (AC +3)


Message History

You barely miss Natasha. Your kick misses Natasha. Natasha claws you.
You hit Natasha.
Natasha is moderately wounded.
Natasha mumbles some strange words.
Natasha claws you.
* * * LOW HITPOINT WARNING * * *
You hit Natasha.
Natasha is heavily wounded.
Natasha claws you but does no damage.
You barely miss Natasha. Your kick misses Natasha.
Natasha is heavily wounded.
Natasha barely misses you. The crimson imp closely misses you.
Natasha claws you.
* * * LOW HITPOINT WARNING * * *
Unknown command.
You closely miss Natasha. You kick Natasha.
Natasha is severely wounded.
The crimson imp hits you but does no damage.
Natasha claws you!
You die...

#.. .. #### # .. .# # #.
#.## .# #.###. ..##.#
......########(##.#
$...............#.#
................#.#
..........5h......#
...........@...#..# #######
...........?...#..# #......
...............##.# #......
......###########.####......
...... #>...'...... ......
######...... #.###. #......
#.#.... #.#.###


You could see Natasha and a crimson imp.

Vanquished Creatures
  Robin (D:2)
  A worm (D:2)
  2 dart slugs
  2 leopard geckos
  7 hobgoblins
  A kobold (D:1)
  4 bats
  A frilled lizard (D:2)
  12 goblins
  5 rats
36 creatures vanquished.

Notes
Turn   | Place    | Note
-------+----------+-------------------------------------------
     0 | D:1      | dvd the Centaur Hunter began the quest for the Orb.
     0 | D:1      | Reached XP level 1. HP: 17/17 MP: 1/1
   377 | D:1      | Reached XP level 2. HP: 23/24 MP: 2/2
   773 | D:2      | Reached skill level 6 in Bows
   814 | D:2      | Noticed Robin
   961 | D:1      | Reached XP level 3. HP: 20/29 MP: 3/3
  1281 | D:2      | Killed Robin
  1461 | D:2      | Found a burning altar of Makhleb.
  1470 | D:2      | Found an opulent altar of Gozag.
  1475 | D:2      | Found a sparkling altar of Nemelex Xobeh.
  1943 | D:2      | Noticed Natasha
  1953 | D:2      | Slain by Natasha

Vault maps used:
D:1:      lightli_arrival_statuegarden, serial_bayou_pond_d
D:2:      minmay_overflow_temple_star_quad, uniq_robin, uniq_jessica,
          uniq_natasha

Skill      XL: |  1  2 |
---------------+-------+-----
Bows           | 6 |  6.5
Fighting       | |  2.2
Maces & Flails | |  0.8
Armour         | |  0.4
Dodging        | |  1.5
Stealth        | |  0.4

Action                   || total
-------------------------++-------
Melee: Short sword       ||    11
       Kick              ||    10
       Mace              ||    54
 Fire: Shortbow          ||    64
  Eat: Chunk             ||     2
Armor: Leather armour    ||    30
Dodge: Dodged            ||    53
